 Dungeon Crawl Stone Soup version 0.29-a0-103-g37f86683bf (webtiles) character file.

Game seed: 4187601869044262811

42 cyrus the Poker (level 3, -4/29 HPs)
             Began as a Merfolk Fighter on Feb 15, 2022.
             Slain by an orc (5 damage)
             ... on level 3 of the Dungeon.
             The game lasted 00:03:09 (1732 turns).

cyrus the Poker (Merfolk Fighter)                   Turns: 1732, Time: 00:03:11

Health: -4/29      AC:  7    Str: 16    XL:     3   Next: 54%
Magic:  3/3        EV:  8    Int:  9    God:
Gold:   125        SH:  4    Dex: 13    Spells: 2/2 levels left

rFire   . . .      SeeInvis .   a - +0 trident
rCold   . . .      Faith    .   c - +0 buckler
rNeg    . . .      Spirit   .   b - +0 scale mail
rPois   .          Reflect  .   l - +0 helmet
rElec   .          Harm     .   (no cloak)
rCorr   .          Rampage  .   (no gloves)
Will    .....                   (no boots)
Stlth   ..........              (no amulet)
HPRegen 0.09/turn               (no ring)
MPRegen 0.08/turn               (no ring)

@: no status effects
A: (nimble swimmer 2), mertail
a: no special abilities


You were on level 3 of the Dungeon.
You visited 1 branch of the dungeon, and saw 3 of its levels.

You collected 125 gold pieces.

Inventory:

Hand Weapons
 a - a +0 trident (weapon)
Armour
 b - a +0 scale mail (worn)
 c - a +0 buckler (worn)
 g - a +0 helmet
 l - a +0 helmet (worn)
Scrolls
 e - a scroll of enchant weapon {unknown}
 f - 2 scrolls of teleportation {unknown}
 h - a scroll of holy word {unknown}
 i - a scroll of noise {unknown}
 k - a scroll of summoning {unknown}
Potions
 d - a potion of might
 j - a potion of haste {unknown}


   Skills:
 + Level 3.6 Fighting
 + Level 4.2 Polearms
 + Level 2.5 Armour
 + Level 3.3 Shields


You had 2 spell levels left.
You didn't know any spells.
Your spell library contained the following spells:

 Spells                   Type           Power      Damage    Failure   Level
 Foxfire                  Conj/Fire      0%         2x1d4     88%         1
 Conjure Flame            Conj/Fire      0%         6-21      99%         3
 Inner Flame              Hex/Fire       0%         N/A       99%         3
 Flame Wave               Conj/Fire      0%         2d4       100%        4


Dungeon Overview and Level Annotations

Branches:
Dungeon (3/15)

Altars:


Innate Abilities, Weirdness & Mutations

((You are very nimble when in or above water. (Stealth+, EV+, Speed+++)))
Your lower body shifts to a powerful aquatic tail in water.


Message History

You climb downwards.
A bat comes into view.
The quokka bites you but does no damage.
The orc closely misses you. You block the orc's attack.
The quokka bites you but does no damage. x2
There is a stone staircase leading up here.
The orc hits you but does no damage.
The orc wizard points at you and mumbles some strange words.
The magic dart hits you. The quokka bites you.
You closely miss the orc. The bat hits you but does no damage.
The orc hits you but does no damage. x2
The quokka bites you but does no damage.
The bat hits you but does no damage.
You hit the orc.
The orc is moderately wounded.
The bat hits you but does no damage. The quokka bites you.
You block the quokka's attack. The orc hits you but does no damage.
The orc barely misses you.
The quokka bites you but does no damage.
The quokka bites you. The orc hits you with a +0 flail!
You hit the orc.
The orc is almost dead.
The bat hits you but does no damage. x2
The quokka bites you but does no damage. x2
You closely miss the orc wizard. You block the bat's attack.
The orc throws a boomerang.
The boomerang hits you.
* * * LOW HITPOINT WARNING * * *
The quokka bites you.
* * * LOW HITPOINT WARNING * * *
The quokka barely misses you. The orc hits you with a +0 flail.
* * * LOW HITPOINT WARNING * * *
The orc wizard closely misses you.
You hit the orc wizard.
The orc wizard is lightly wounded.
You block the bat's attack. The quokka bites you.
* * * LOW HITPOINT WARNING * * *
The quokka closely misses you.
The orc wizard hits you but does no damage.
The orc hits you with a +0 flail.
You die...

...........#
...........#
#..........#
...........###
.............##
.........[....#
.......o.......
#.b@o......
#.ror......
.......o.......
..#.#.........)
# ##........#
..........
#..........
#..........
#..........


You could see an orc wizard, 3 orcs, 2 quokkas and a bat.

Vanquished Creatures
  A worm (D:2)
  An orc (D:2)
  4 endoplasms
  A giant cockroach (D:1)
  6 goblins
  4 hobgoblins
  3 jackals (D:1)
  A quokka (D:1)
  A ball python (D:1)
  3 bats (D:1)
  A frilled lizard (D:1)
  3 kobolds (D:1)
  3 rats (D:1)
32 creatures vanquished.

Notes
Turn   | Place    | Note
-------+----------+-------------------------------------------
     0 | D:1      | cyrus the Merfolk Fighter began the quest for the Orb.
     0 | D:1      | Reached XP level 1. HP: 18/18 MP: 1/1
   231 | D:1      | Reached XP level 2. HP: 18/24 MP: 2/2
   438 | D:1      | Reached XP level 3. HP: 18/29 MP: 3/3
   624 | D:1      | Reached skill level 4 in Polearms
  1732 | D:3      | HP: 1/29 [quokka (3)]
  1732 | D:3      | Slain by an orc

Illustrated notes

Levels and vault maps discovered:
D:1:      minmay_arrival_radiant_lines, layout_rooms, minmay_bisected
D:2:      layout_loops_ring
D:3:      layout_rooms, elyvilon_altar_5, shapermc_ecumenical_altar_venn,
          gammafunk_ghost_stat_death

Skill      XL: |  1  2  3 |
---------------+----------+-----
Polearms       | 4 |  4.2
Fighting       | |  3.6
Armour         | |  2.5
Shields        | |  3.3

Action                   || total
-------------------------++-------
Melee: Trident           ||    91
Armor: Scale mail        ||    71
Dodge: Dodged            ||    54
Block: Buckler           ||    22

Table legend: (Time is in decaauts)
 A = Elapsed time spent in this place.
 B = Non-inter-level travel time spent in this place.
 C = Inter-level travel time spent in this place.
 D = Time resting spent in this place.
 E = Time spent auto-exploring this place.
 F = Levels seen in this place.
 G = Mean time per level.
                   A        B        C        D        E       F      G
               +--------+--------+--------+--------+--------+-----+--------+
         Total |   1746 |   1663 |     83 |      0 |   1341 |   3 |  582.0 |
       Dungeon |   1746 |   1663 |     83 |      0 |   1341 |   3 |  582.0 |
               +--------+--------+--------+--------+--------+-----+--------+

Top non-repeatable levels by time:
     D:1: 1020 daAuts
     D:2: 716 daAuts
     D:3: 9 daAuts
